 Dungeon Crawl Stone Soup version 0.30-a0-1094-g860fb061e7 (webtiles) character file.

Game seed: 1932283012079933684

24161 Pimp the Cleaver (level 13, -14/122 HPs)
             Began as a Hill Orc Fighter on Apr 16, 2023.
             Was the Champion of Cheibriados.
             Demolished by an orc knight
             ... wielding a +0 broad axe
              (22 damage)
             ... on level 2 of the Orcish Mines on Apr 17, 2023.
             The game lasted 00:34:22 (15189 turns).

Pimp the Cleaver (Hill Orc Fighter)                Turns: 15189, Time: 00:34:24

Health: -14/122    AC: 27    Str: 37    XL:     13   Next: 11%
Magic:  16/16      EV: 10    Int: 25    God:    Cheibriados [******]
Gold:   1028       SH:  8    Dex: 25    Spells: 17/17 levels left

rFire   . . .      SeeInvis .    l - +8 broad axe (vamp)
rCold   . . .      Faith    .    c - +0 buckler
rNeg    . . .      Spirit   .    J - +3 scale mail {rPois}
rPois   +          Reflect  .    f - +2 helmet
rElec   .          Rampage  .    v - +1 cloak
rCorr   .                        (no gloves)
Will    +....                    o - +0 pair of boots
Stlth   +                        (no amulet)
HPRegen 0.40/turn                E - +4 ring of protection
MPRegen 0.15/turn                q - +4 ring of protection

@: very slow
A: strong-willed 1, mutation resistance 1
a: Renounce Religion, Bend Time, Temporal Distortion, Slouch, Step From Time


You were on level 2 of the Orcish Mines.
You worshipped Cheibriados.
Cheibriados was exalted by your worship.
You visited 3 branches of the dungeon, and saw 16 of its levels.

You collected 1028 gold pieces.

Inventory:

Hand Weapons
 a - a +1 war axe
 l - a +8 vampiric broad axe (weapon)
Missiles
 K - 2 throwing nets
Armour
 b - a +0 scale mail
 c - a +0 buckler (worn)
 e - a scarf of harm
 f - a +2 helmet (worn)
 o - a +0 pair of boots (worn)
 v - a +1 cloak (worn)
 y - a scarf of invisibility
 J - a +3 scale mail of poison resistance (worn)
Jewellery
 n - a ring of flight
 q - a +4 ring of protection (right hand)
 w - a +6 ring of intelligence
 E - a +4 ring of protection (left hand)
 R - a ring of see invisible
Wands
 s - a wand of acid (6) (quivered)
 A - a wand of digging (3)
 C - a wand of roots (14)
 D - a wand of polymorph (9)
 I - a wand of mindburst (4)
 M - a wand of flame (8)
Scrolls
 j - 5 scrolls of amnesia
 m - 4 scrolls of teleportation
 p - 3 scrolls of noise
 x - 2 scrolls of poison
 B - 2 scrolls of identify
 F - a scroll of vulnerability
 N - 2 scrolls of immolation
 O - a scroll of brand weapon
Potions
 g - a potion of flight
 h - 4 potions of lignification
 k - 2 potions of haste
 r - a potion of resistance
 t - 5 potions of attraction
 u - 4 potions of cancellation
 z - 14 potions of degeneration
 G - 3 potions of berserk rage
 Q - 2 potions of brilliance


   Skills:
 + Level 13.1 Fighting
 + Level 13.9 Axes
 + Level 12.1 Armour
 + Level 12.1 Shields
 + Level 2.5 Spellcasting
 + Level 4.7 Invocations


You had 17 spell levels left.
You didn't know any spells.
Your spell library contained the following spells:

 Spells                   Type           Power      Damage    Failure   Level
 Magic Dart               Conj           12%        1d3       21%         1
 Call Imp                 Summ           6%         N/A       30%         2
 Call Canine Familiar     Summ           3%         N/A       52%         3
 Hailstorm                Conj/Ice       3%         3d3       52%         3
 Mephitic Cloud           Conj/Pois/Air  3%         N/A       52%         3
 Portal Projectile        Hex/Tloc       6%         N/A       52%         3
 Summon Guardian Golem    Hex/Summ       3%         N/A       52%         3
 Ice Form                 Ice/Tmut       3%         N/A       90%         4
 Leda's Liquefaction      Hex/Erth       1%         N/A       90%         4
 Passage of Golubria      Tloc           3%         N/A       90%         4
 Silence                  Hex/Air        1%         N/A       99%         5
 Simulacrum               Ice/Necr       1%         N/A       100%        6
 Orb of Destruction       Conj           1%         9d5       100%        7
 Spellforged Servitor     Conj/Summ      1%         N/A       100%        7
 Lehudib's Crystal Spear  Conj/Erth      1%         10d2      100%        8


Dungeon Overview and Level Annotations

Branches:
Dungeon (13/15)            Temple (1/1) D:7            Lair (0/5) D:11
    Orc (2/2) D:10
    Elf: Orc:2       Vaults: D:13-14

Altars:
Ashenzari
Cheibriados
Dithmenos
Elyvilon
Fedhas
Gozag
Hepliaklqana
Kikubaaqudgha
Makhleb
Nemelex Xobeh
Okawaru
Qazlal
Ru
Sif Muna
Trog
Uskayaw
Vehumet
Wu Jian
Xom
Yredelemnul
Zin
The Shining One

Shops:
D:6 *

Portals:
Abyss: D:8

Annotations:
D:5 2 transporters
D:8 2 transporters, jimonade's ghost, novice NaWr


Innate Abilities, Weirdness & Mutations

You are strong-willed. (Will+)
You are somewhat resistant to further mutation.


Message History

You slash the orc warrior! You block the orc warrior's attack.
The orc warrior unwields a +0 arbalest.
The orc warrior wields a +0 great mace.
The orc warrior closely misses you.
The orc warrior hits you from afar with a +0 glaive!
* * * LOW HITPOINT WARNING * * *
The orc knight roars a battlecry!
The orc warrior goes into a battle-frenzy!
You closely miss the orc knight.
The orc knight is lightly wounded.
You closely miss the orc warrior. You barely miss something.
You slash the orc warrior!
You feel better.
You hit the orc knight.
You feel better.
The orc warrior no longer looks unusually strong.
The orc no longer looks unusually strong.
You hear some strange, mumbled words.
Something tries to affect you, but you resist.
The orc warrior hits you but does no damage.
You block the orc warrior's attack. x3
The orc knight roars a battlecry!
The orcs go into a battle-frenzy!
The orc priest shouts, "Join the one true god or die!"
You carve the orc priest like a ham!!!
You kill the orc priest!
Cheibriados thoroughly appreciates the change of pace.
You completely miss something. You hit the orc warrior.
You feel better.
You kill the orc warrior!
Cheibriados appreciates the change of pace.
You barely miss the orc knight. You slice the orc knight!!
You closely miss the orc warrior. Something hits you.
* * * LOW HITPOINT WARNING * * *
You block the orc warrior's attack.
The orc warrior hits you from afar with a +0 halberd!
* * * LOW HITPOINT WARNING * * *
The orc warrior hits you from afar with a +0 glaive.
* * * LOW HITPOINT WARNING * * *
The orc knight unwields a +0 arbalest.
The orc knight wields a +0 glaive.
The orc knight hits you with a +0 glaive.
* * * LOW HITPOINT WARNING * * *
The orc knight hits you with a +0 broad axe!!
You die...

.#..............
.....<...........
........$........
................
..............##.
.#...............
......§§§§§....[.
......§§o§§......
##...o§@{§......
##..oooo§......
#..oo§§§......
...o.o........#..
...#.o.....##....
.. #.....##......
. ....... .....#
........ ....
..#....#.# ##


You could see 2 orc knights, 3 orc warriors and 3 orcs.

Vanquished Creatures
  An orc warlord (D:10)
  A hydra (D:13)
  Harold (Orc:1)
  A boulder beetle (D:12)
  3 two-headed ogres
  Urug (Orc:1)
  Sonja (Orc:1)
  Pikel (D:9)
  2 orc knights (Orc:1)
  A deep elf pyromancer (D:12)
  An ugly thing (D:8)
  An oklob plant (Orc:1)
  A cyclops (D:11)
  3 orc sorcerers
  2 gargoyles
  A yaktaur (shapeshifter) (D:13)
  An unseen horror (D:13)
  A kobold demonologist (D:10)
  A merfolk (D:10)
  A hornet (D:9)
  4 trolls
  14 yaks
  A vampire (D:10)
  11 slime creatures (D:12)
  A wraith (D:12)
  2 wyverns
  2 shadows
  A steam dragon (D:8)
  An acid dragon (D:9)
  3 wargs (Orc:1)
  2 water moccasins
  An ice beast (D:5)
  A swamp drake (D:10)
  2 black bears
  19 orc warriors
  5 ogres
  13 centaurs
  A phantom (D:6)
  A kobold brigand (D:10)
  4 bullfrogs
  2 gnoll sergeants
  4 scorpions
  11 killer bees (D:8)
  4 howler monkeys
  3 electric eels (D:8)
  A hound (D:7)
  2 jellies
  11 orc priests
  2 gnoll boudas (D:8)
  8 iguanas
  Natasha (twice) (D:3)
  A sleepcap (D:5)
  24 orc wizards
  8 adders
  20 gnolls
  A shadow imp (D:7)
  3 white imps
  An ufetubus (D:5)
  A worm (D:2)
  A dart slug (D:1)
  61 orcs
  11 endoplasms
  5 giant cockroaches
  7 goblins
  10 hobgoblins
  7 jackals
  10 kobolds
  5 quokkas
  7 ball pythons
  6 bats
  2 frilled lizards (D:1)
  8 rats
364 creatures vanquished.

Vanquished Creatures (others)
  A troll (Orc:2)
  An orc warrior (D:10)
  An orc wizard (Orc:2)
  A plant (D:6)
4 creatures vanquished.

Grand Total: 368 creatures vanquished

Notes
Turn   | Place    | Note
-------+----------+-------------------------------------------
     0 | D:1      | Pimp the Hill Orc Fighter began the quest for the Orb.
     0 | D:1      | Reached XP level 1. HP: 19/19 MP: 1/1
   108 | D:1      | Reached XP level 2. HP: 27/27 MP: 2/2
   506 | D:1      | Reached XP level 3. HP: 33/33 MP: 3/3
  1190 | D:2      | Reached XP level 4. HP: 39/40 MP: 4/4
  1373 | D:2      | Noticed a golden eye
  1376 | D:2      | Found a faded altar of an unknown god.
  1379 | D:2      | Noticed an eye of devastation
  1379 | D:2      | Noticed a great orb of eyes
  1379 | D:2      | Noticed a floating eye
  1725 | D:3      | Reached XP level 5. HP: 8/47 MP: 5/5
  2159 | D:3      | Noticed Natasha
  2170 | D:3      | Killed Natasha
  2377 | D:3      | Reached skill level 5 in Fighting
  2472 | D:3      | Noticed Natasha
  2480 | D:3      | Killed Natasha
  2481 | D:3      | Reached XP level 6. HP: 48/56 MP: 6/6
  2752 | D:4      | Reached skill level 5 in Axes
  3056 | D:4      | Noticed a black bear
  3064 | D:4      | Killed a black bear
  3065 | D:4      | Reached skill level 5 in Armour
  3065 | D:4      | Reached skill level 5 in Shields
  3065 | D:4      | Reached XP level 7. HP: 52/61 MP: 7/7
  3269 | D:4      | Found a shimmering blue altar of Sif Muna.
  3455 | D:5      | Entered Level 5 of the Dungeon
  3462 | D:5      | Found a transporter.
  3463 | D:5      | Noticed a yak
  3496 | D:5      | Noticed a troll
  3497 | D:5      | Found a transporter.
  3588 | D:5      | Noticed a two-headed ogre
  3601 | D:5      | Killed a two-headed ogre
  3602 | D:5      | Reached XP level 8. HP: 19/71 MP: 8/8
  4335 | D:5      | Found an ancient bone altar of Kikubaaqudgha.
  4424 | D:6      | Found Hugelic's Elemental Accessories.
  4465 | D:6      | Reached XP level 9. HP: 75/79 MP: 9/9
  4670 | D:6      | Found a broken altar of Ashenzari.
  4671 | D:6      | Found a radiant altar of Vehumet.
  4673 | D:6      | Found a basalt altar of Yredelemnul.
  4714 | D:6      | Found an ornate altar of the Wu Jian Council.
  4794 | D:6      | Found a glowing silver altar of Zin.
  4798 | D:6      | Found a bloodstained altar of Trog.
  4801 | D:6      | Found a shadowy altar of Dithmenos.
  4813 | D:6      | Found a hide-covered altar of Uskayaw.
  4946 | D:6      | Found a white marble altar of Elyvilon.
  5081 | D:7      | Found a staircase to the Ecumenical Temple.
  5788 | Temple   | Entered the Ecumenical Temple
  5907 | Temple   | Became a worshipper of Cheibriados the Contemplative
  6048 | D:8      | Noticed an ancient zyme
  6073 | D:8      | Found a one-way gate to the infinite horrors of the Abyss.
  6073 | D:8      | Noticed jimonade's ghost (novice NaWr)
  6099 | D:8      | Identified the +0 leather armour of Zin's Pride {Harm *Slow
                  | rF++ Str+2}
  6625 | D:8      | Found a transporter.
  6630 | D:8      | Found a transporter.
  6662 | D:8      | Reached * piety under Cheibriados
  6955 | D:8      | Noticed a purple ugly thing
  6978 | D:8      | Killed a purple ugly thing
  6979 | D:8      | Reached XP level 10. HP: 28/91 MP: 10/10
  8043 | D:8      | Reached skill level 10 in Axes
  8283 | D:8      | Reached ** piety under Cheibriados
  8892 | D:9      | Noticed Pikel
  8903 | D:9      | Killed Pikel
  8904 | D:9      | Reached skill level 10 in Fighting
  9783 | D:9      | Found a shimmering altar of Xom.
  9799 | D:9      | Found a hazy altar of Hepliaklqana.
  9800 | D:9      | Noticed a spectral ugly thing
 10242 | D:10     | Entered Level 10 of the Dungeon
 10557 | D:10     | Noticed a kobold demonologist
 10560 | D:10     | Identified a scroll of acquirement
 10560 | D:10     | Acquired a +4 vampiric broad axe
 10564 | D:10     | Killed a kobold demonologist
 10651 | D:10     | Reached XP level 11. HP: 101/101 MP: 11/11
 10656 | D:10     | Reached *** piety under Cheibriados
 11078 | D:10     | Reached skill level 10 in Armour
 11079 | D:10     | Reached skill level 10 in Shields
 11233 | D:10     | Found a staircase to the Orcish Mines.
 11247 | D:10     | Reached **** piety under Cheibriados
 11483 | D:11     | Noticed a cyclops
 11492 | D:11     | Killed a cyclops
 11567 | D:11     | Found a staircase to the Lair.
 11916 | D:11     | Found a shimmering blue altar of Sif Muna.
 12030 | D:12     | Noticed a boulder beetle
 12052 | D:12     | Killed a boulder beetle
 12096 | D:12     | Noticed a deep elf pyromancer
 12103 | D:12     | Killed a deep elf pyromancer
 12173 | D:12     | Reached ***** piety under Cheibriados
 12330 | D:12     | Found a blossoming altar of Fedhas.
 12349 | D:12     | Reached XP level 12. HP: 106/112 MP: 12/12
 12979 | D:13     | Noticed a two-headed ogre
 12984 | D:13     | Killed a two-headed ogre
 13040 | D:13     | Noticed a six-headed hydra
 13064 | D:13     | Killed a ten-headed hydra
 13381 | Orc:1    | Entered Level 1 of the Orcish Mines
 13383 | Orc:1    | Noticed an orc warlord
 13388 | D:10     | Upgraded the game from 0.30-a0-1085-g990a428a5c to
                  | 0.30-a0-1094-g860fb061e7
 13425 | D:10     | Killed an orc warlord
 13426 | D:10     | Reached skill level 1 in Invocations
 13676 | Orc:1    | Noticed a soul eater
 13707 | Orc:1    | Reached skill level 1 in Spellcasting
 13731 | Orc:1    | Noticed Harold
 13746 | Orc:1    | Killed Harold
 13832 | Orc:1    | Noticed a two-headed ogre
 13832 | Orc:1    | Noticed Sonja
 13838 | Orc:1    | Killed a two-headed ogre
 13846 | Orc:1    | Killed Sonja
 14039 | Orc:1    | Gained mutation: Your spells are a little harder to cast,
                  | but a little more powerful. [potion of mutation]
 14039 | Orc:1    | Gained mutation: Your flesh is cold resistant. (rC+)
                  | [potion of mutation]
 14039 | Orc:1    | Gained mutation: You are vulnerable to heat. (rF-) [potion
                  | of mutation]
 14041 | Orc:1    | Lost mutation: You are vulnerable to heat. (rF-) [potion of
                  | mutation]
 14041 | Orc:1    | Lost mutation: Your flesh is cold resistant. (rC+) [potion
                  | of mutation]
 14041 | Orc:1    | Lost mutation: Your spells are a little harder to cast, but
                  | a little more powerful. [potion of mutation]
 14041 | Orc:1    | Gained mutation: You are strong-willed. (Will+) [potion of
                  | mutation]
 14041 | Orc:1    | Gained mutation: You are somewhat resistant to further
                  | mutation. [potion of mutation]
 14161 | Orc:1    | Noticed Urug
 14176 | Orc:1    | Killed Urug
 14177 | Orc:1    | Reached XP level 13. HP: 76/122 MP: 16/16
 14361 | Orc:2    | Entered Level 2 of the Orcish Mines
 14372 | Orc:2    | Reached ****** piety under Cheibriados
 15189 | Orc:2    | Demolished by an orc knight

Illustrated notes

Levels and vault maps discovered:
D:1:      denvon_arrival_waterhouse, layout_basic, grunt_decor_fettered
D:2:      minmay_skewed_foursquare, layout_loops_ring,
          hellmonk_ecumenical_altar_watching_god
D:3:      layout_loops_corners, minmay_diced_spiral, uniq_natasha
D:4:      layout_loops_ring, kennysheep_mini
D:5:      layout_cave_pools, gammafunk_temple_overflow_arena
D:6:      layout_rooms, nicolae_elyvilon_temple_path,
          grunt_temple_overflow_open, nicolae_overflow_quartered_altars,
          st_stairs_5, nicolae_elemental_shop
D:7:      layout_cave_pools, minmay_temple_entry_grid, serial_bayou_pond_e
D:8:      statuecave_lemuel, layout_loops_corners,
          gammafunk_ghost_abyssal_escape, minmay_bent
D:9:      layout_layer_cave, regret_index_temple_of_mockery, uniq_pikel
D:10:     layout_loops_ring, erik_orc_1, hangedman_fish_farm
D:11:     layout_rooms, lair_entry_dummy, tgw_sif
D:12:     layout_loops_cross, fedhas_altar_1
D:13:     layout_loops_ring, david_vaults_5
Temple:   hellmonk_temple_beads
Orc:1:    layout_caves, mines3_lemuel, uniq_urug, uniq_sonja, uniq_harold
Orc:2:    st_orc_rangers, layout_caves, uniq_saint_roka

Skill      XL: |  1  2  3  4  5  6  7  8  9 10 11 12 13 |
---------------+----------------------------------------+-----
Axes           | 3 4 5 7 9 11 12 13 | 13.9
Fighting       | 4 5 6 7 9 10 11 13 | 13.1
Armour         | 4 5 6 8 9 10 11 12 | 12.1
Shields        | 4 5 6 8 9 10 12 | 12.1
Invocations    | 4 |  4.7
Spellcasting   | 2 |  2.5

Action                     |  1- 3 |  4- 6 |  7- 9 | 10-12 | 13-15 || total
---------------------------+-------+-------+-------+-------+-------++-------
  Melee: War axe           |   105 |   181 |   305 |   203 |       ||   794
         Broad axe         |       |       |       |   346 |    43 ||   389
  Evoke: Wand              |       |       |       |    13 |     6 ||    19
    Use: Scroll            |       |    12 |     1 |    22 |     2 ||    37
         Potion            |       |       |     5 |     5 |     1 ||    11
 Armour: Scale mail        |    78 |   140 |   186 |   388 |    89 ||   881
  Dodge: Dodged            |    58 |   119 |   155 |   294 |    91 ||   717
  Block: Buckler           |    24 |    47 |    99 |   249 |    88 ||   507

Table legend: (Time is in decaauts)
 A = Elapsed time spent in this place.
 B = Non-inter-level travel time spent in this place.
 C = Inter-level travel time spent in this place.
 D = Time resting spent in this place.
 E = Time spent auto-exploring this place.
 F = Levels seen in this place.
 G = Mean time per level.
                   A        B        C        D        E       F      G
               +--------+--------+--------+--------+--------+-----+--------+
         Total |  18394 |  17349 |   1045 |   2811 |  11151 |  16 | 1149.6 |
       Dungeon |  16032 |  15176 |    856 |   1845 |  10551 |  13 | 1233.2 |
        Temple |    151 |    106 |     45 |      0 |     93 |   1 |  151.0 |
  Orcish Mines |   2210 |   2067 |    143 |    966 |    506 |   2 | 1105.0 |
               +--------+--------+--------+--------+--------+-----+--------+

Top non-repeatable levels by time:
     D:8: 2868 daAuts
     D:9: 2436 daAuts
   Orc:1: 2138 daAuts
    D:10: 1879 daAuts
    D:12: 1398 daAuts
     D:3: 1131 daAuts
     D:5: 982 daAuts
    D:11: 884 daAuts
     D:2: 832 daAuts
     D:1: 823 daAuts
     D:4: 778 daAuts
     D:7: 737 daAuts
     D:6: 665 daAuts
    D:13: 613 daAuts
  Temple: 151 daAuts
